cohdb
Replays
Latest Replays
All Replays
Popular Replays
Top Player Replays
Match Explorer
How It Works
Community
CoH3 Stats
Reddit
Sign in to upload your games and track your stats! →
Sign in with Steam
Match 42780805
Unlisted
Match 42780805
Overview
Messages
Build Orders
End
Royal Engineer Section
Construct Section Command Post
Dingo Light Scout Car
Infantry Section
Infantry Section
Construct Field Infirmary
Royal Engineer Section
Construct Platoon Command Post
6-pounder Anti-tank Gun Team
Vickers Machine Gun Team
Humber Armored Car
Selects Air and Sea Battlegroup
Selects Naval Blockade
Selects UNKNOWN (223837)
Selects Commando Section Paradrop
Commando Section Paradrop
Selects Commando Support Section Paradrop
Unlock M3 Stuart Light Tanks
Infantry Training
CMP 15cwt Truck
M3 Stuart Light Tank
Infantry Section
M3 Stuart Light Tank
Selects Anti-tank Rocket Loiter
Bandi95
Brother
0
0
Comments
sign in to comment!
No comments posted yet!